Map: Remanso LE

Players

Murdorlex - Winner!

  • Race: Protoss Protoss
  • League: Silver
  • Spawn Location: 5:00

IagoAbreu

  • Race: Protoss Protoss
  • League: Gold
  • Spawn Location: 11:00

VOD

Have the link to the VOD?

Description

Time

  • Played on: March 10, 2018, 8:01 a.m.
  • Length: 16:22
Show
View Real Time Build Order
Export as new Build Order

Murdorlex Protoss - Winner!

Build Orders: Blink Stalkers 

Get SALT Encoding   

  12  0:00  Probe  
  13  0:15  Pylon  
  13  0:18  Probe  
  14  0:35  Gateway  
  14  0:40  Probe (Chrono Boost)  
  15  0:45  Assimilator  
  16  0:50  Probe (Chrono Boost)  
  16  0:55  Probe (Chrono Boost)  
  17  1:02  Gateway  
  17  1:07  Probe  
  18  1:13  Assimilator  
  18  1:19  Probe  
  18  1:23  Cybernetics Core  
  19  1:30  Pylon  
  19  1:33  Probe  
  19  1:39  Zealot (Chrono Boost)  
  22  1:52  Zealot (Chrono Boost), Probe  
  25  2:04  Probe  
  25  2:06  Twilight Council  
  26  2:09  Warp Gate (Chrono Boost)  
  26  2:20  Forge  
  26  2:30  Probe  
  27  2:50  Nexus  
  27  2:57  Pylon  
  27  3:03  Sentry x2  
  31  3:11  Blink (Chrono Boost)  
  31  3:19  Probe  
  32  3:31  Probe  
  33  3:57  Gateway  
  33  4:00  Gateway  
  33  4:02  Probe (Chrono Boost)  
  34  4:11  Stalker x2  
  34  4:13  Probe (Chrono Boost)  
  34  4:14  Protoss Ground Weapons Level 1 (Chrono Boost)  
  39  4:18  Probe (Chrono Boost)  
  40  4:29  Probe  
  41  4:34  Templar Archives  
  41  4:41  Stalker, Probe  
  44  4:46  Stalker  
  46  4:53  Assimilator, Probe  
  46  4:57  Assimilator  
  47  5:05  Probe  
  48  5:07  Zealot  
  48  5:08  Zealot  
  52  5:16  Pylon  
  52  5:17  Probe  
  53  5:22  Pylon  
  53  5:29  Pylon, Probe  
  54  5:38  Stargate  
  54  5:39  Pylon  
  54  5:42  Pylon  
  54  5:43  High Templar  
  54  5:45  Zealot, Pylon  
  58  5:50  Probe (Chrono Boost)  
  59  6:00  Probe (Chrono Boost)  
  59  6:03  Stalker x2  
  64  6:05  Probe (Chrono Boost)  
  64  6:06  Zealot  
  67  6:17  Probe (Chrono Boost)  
  68  6:27  Protoss Ground Armor Level 1 (Chrono Boost)  
  68  6:29  Probe (Chrono Boost)  
  69  6:35  Oracle  
  69  6:36  Probe (Chrono Boost)  
  73  6:43  Probe  
  73  6:45  Psionic Storm  
  74  6:47  Nexus  
  74  6:49  Pylon  
  74  6:51  Pylon  
  74  6:55  Probe  
  75  7:08  Stalker x3  
  81  7:59  High Templar  
  81  8:00  High Templar x2  
  81  8:01  Stalker  
  89  8:14  Probe (Chrono Boost)  
  89  8:15  Gateway  
  89  8:17  Gateway  
  90  8:21  Gateway  
  90  8:22  Gateway  
  90  8:24  Gateway, Probe (Chrono Boost)  
  90  8:26  Gateway  
  91  8:29  Probe (Chrono Boost)  
  92  8:40  Probe  
  90  8:49  Archon  
  90  8:52  Probe  
  65  9:55  Robotics Facility  
  65  9:57  High Templar, Robotics Facility  
  65  9:58  High Templar  
  65  9:59  Stalker x4  
  77  10:00  Stalker x2  
  77  10:01  Stalker x2  
  87  10:20  Oracle (Chrono Boost)  
  88  10:31  Assimilator, Probe (Chrono Boost)  
  88  10:34  Assimilator  
  89  10:37  Stalker x3  
  89  10:38  Stalker x2  
  89  10:39  Stalker x4  
  89  10:41  Stalker, Probe (Chrono Boost)  
  110  10:43  Warp Prism (Chrono Boost)  
  110  10:45  Probe (Chrono Boost)  
  110  10:46  Immortal (Chrono Boost)  
  117  10:50  Oracle  
  120  10:57  Probe (Chrono Boost)  
  121  11:09  Probe (Chrono Boost)  
  122  11:16  Probe (Chrono Boost)  
  123  11:23  Probe  
  124  11:36  Probe  
  117  12:20  Stalker  
  117  12:21  Stalker  
  117  12:22  Stalker  
  123  12:24  Stalker  
  123  12:25  Stalker x2  
  123  12:26  Stalker  
  123  12:27  Stalker  
  118  12:50  Stalker x3  
  118  12:51  Stalker x2  
  112  12:52  Stalker  
  112  12:53  Stalker  
  109  15:04  Archon  
Show
View Real Time Build Order
Export as new Build Order

IagoAbreu Protoss 

Build Orders:  

Get SALT Encoding   

  12  0:02  Probe  
  13  0:15  Pylon  
  13  0:23  Probe (Chrono Boost)  
  14  0:31  Probe (Chrono Boost)  
  15  0:38  Forge  
  15  0:41  Probe  
  16  0:54  Pylon  
  16  0:58  Assimilator  
  16  1:10  Probe  
  17  1:15  Photon Cannon  
  17  1:37  Probe (Chrono Boost)  
  18  1:45  Gateway  
  19  1:47  Gateway, Probe (Chrono Boost)  
  19  1:52  Probe (Chrono Boost)  
  19  1:57  Assimilator  
  20  2:10  Pylon  
  20  2:30  Photon Cannon  
  20  2:36  Zealot x2  
  24  2:44  Cybernetics Core  
  24  2:48  Probe (Chrono Boost)  
  26  2:58  Probe (Chrono Boost)  
  26  3:00  Protoss Ground Weapons Level 1  
  26  3:04  Zealot x2  
  30  3:09  Gateway  
  30  3:31  Stargate  
  30  3:41  Twilight Council  
  30  3:48  Photon Cannon  
  30  3:53  Probe  
  31  3:58  Zealot x2  
  31  3:59  Zealot  
  37  4:05  Pylon  
  37  4:10  Warp Gate (Chrono Boost)  
  37  4:13  Charge  
  37  4:20  Pylon  
  37  4:37  Void Ray  
  41  4:58  Protoss Ground Weapons Level 2 (Chrono Boost)  
  41  5:26  Nexus  
  41  5:38  Void Ray  
  45  5:56  Zealot x2  
  45  5:57  Zealot  
  51  6:00  Protoss Air Weapons Level 1 (Chrono Boost)  
  51  6:17  Resonating Glaives (Chrono Boost)  
  51  6:23  Adept  
  51  6:24  Adept  
  55  6:37  Adept  
  57  6:44  Pylon  
  57  6:52  Pylon  
  57  7:09  Gateway x2  
  57  7:15  Stargate  
  57  7:26  Void Ray  
  57  7:27  Pylon  
  61  7:42  Probe (Chrono Boost)  
  63  7:52  Probe (Chrono Boost)  
  63  7:57  Probe (Chrono Boost)  
  63  7:59  Void Ray (Chrono Boost)  
  70  8:20  Phoenix (Chrono Boost)  
  70  8:25  Assimilator  
  70  8:27  Probe  
  70  8:28  Assimilator  
  71  8:39  Probe  
  66  8:51  Probe  
  33  9:27  Stalker x4  
  33  9:30  Stalker  
  43  9:32  Void Ray (Chrono Boost)  
  47  9:53  Zealot  
  47  9:54  Zealot x4  
  57  10:15  Void Ray x2  
  65  10:31  Adept x3  
  71  10:42  Adept  
  73  10:43  Adept  
  75  10:57  Phoenix (Chrono Boost)  
  75  10:58  Phoenix (Chrono Boost)  
  71  11:30  Adept x4  
  71  11:31  Adept  
  81  11:58  Zealot x3  
  81  11:59  Zealot  
  59  12:26  Zealot  
  59  12:27  Zealot  
  49  12:50  Phoenix (Chrono Boost)  
  49  12:51  Phoenix (Chrono Boost)  
  15  14:08  Pylon  
  15  14:11  Pylon  
  15  14:14  Pylon  
  15  14:40  Gateway x2  
  15  14:43  Gateway  
  14  14:46  Zealot x2  
  5  15:02  Nexus  
Tags
 
Composition
Blink Stalkers
Matchup
PvP
Spawn Locations
Cross Positions
Add a new tag
Caveats
  • Supply blocks, unpowered buildings, or Contaminate may cause inaccurate times.
  • Supply counts are checked every 10 seconds.